[Event "German-ch Women 2024"]
[Site "Ostfildern"]
[Date "2024.08.23"]
[Round "7.1"]
[White "Kostak, Tetyana"]
[Black "Bluebaum, Johanna"]
[Result "1-0"]
[ECO "D04"]
[WhiteElo "2094"]
[BlackElo "1994"]
[Annotator "NA RC"]
[PlyCount "97"]
[EventDate "2024.08.16"]
[EventType "tourn"]
[EventCountry "GER"]
[SourceTitle "playchess.com"]
[Source "ChessBase"]
[SourceQuality "1"]
[TimeControl "40/5400+30:1800+30"]

1. d4 Nf6 2. Nf3 d5 3. e3 Bg4 4. Be2 e6 5. h3 Bh5 6. g4 Bg6 7. Ne5 Ne4 8. Bf3 Qh4 9. Qe2 Bd6 10. Nd2 Bxe5 11. Bxe4 dxe4 12. Qb5+ Nc6 13. Qxb7 O-O 14. Qxc6 Bxd4 15. exd4 e3 16. Ne4 Bxe4 17. Qxe4 Qxf2+ 18. Kd1 e2+ 19. Qxe2 Qxd4+ 20. Ke1 Rad8 21. c3 Qd5 22. Rh2 f5 23. Bg5 Rde8 24. Qd2 Qb5 25. Qe2 Qc6 26. Qg2 Qa4 27. b3 Qa5 28. Bd2 Qe5+ 29. Kd1 fxg4 30. hxg4 Rd8 31. Kc2 Rd7 32. Re1 Qa5 33. Kb2 Rfd8 34. Re2 g6 35. Qe4 Rd6 36. Qc2 Ra6 37. Kb1 c5 38. c4 Qc7 39. Bc3 Qf4 40. Rd2 Rad6 41. Rxd6 Rxd6 42. Qe2 Qg3 43. Kb2 Rd3 44. Qxe6+ Kf8 45. Qf6+ Ke8 46. Qh8+ Kd7 47. Rxh7+ Kc6 48. Qc8+ Kb6 49. Qb7# 1-0

[Event "German-ch Women 2024"]
[Site "Ostfildern"]
[Date "2024.08.23"]
[Round "7.2"]
[White "Braun, Kristin"]
[Black "Staerk, Elisa"]
[Result "1/2-1/2"]
[ECO "B52"]
[WhiteElo "2001"]
[BlackElo "2002"]
[Annotator "NA"]
[PlyCount "189"]
[EventDate "2024.08.16"]
[EventType "tourn"]
[EventCountry "GER"]
[SourceTitle "playchess.com"]
[Source "ChessBase"]
[SourceQuality "1"]
[TimeControl "40/5400+30:1800+30"]

1. e4 c5 2. Nf3 d6 3. Bb5+ Bd7 4. c4 Nf6 5. Nc3 a6 6. Bxd7+ Qxd7 7. d4 cxd4 8. Nxd4 g6 9. O-O Bg7 10. h3 O-O 11. Be3 Nc6 12. Rc1 e6 13. b3 Rfd8 14. Qd3 Nxd4 15. Bxd4 b5 16. cxb5 axb5 17. Nxb5 Rxa2 18. Rc7 Qe8 19. Rd1 Nxe4 20. Bxg7 Kxg7 21. Qxe4 Qxb5 22. Qxe6 Rxf2 23. Qe7 Qe2 24. Qxe2 Rxe2 25. Rf1 Rf8 26. Rd7 Kg8 27. Rxd6 Rb2 28. Rf3 Rb8 29. Rd7 f5 30. Rc3 R2xb3 31. Rcc7 R3b6 32. Rg7+ Kh8 33. Rxh7+ Kg8 34. Rcg7+ Kf8 35. Kh2 f4 36. Rc7 Kg8 37. Rhg7+ Kh8 38. Rgf7 Kg8 39. Rxf4 R6b7 40. Rff7 Rxc7 41. Rxc7 Rb5 42. Kg3 Rb4 43. Kf3 Ra4 44. g3 Rb4 45. Re7 Ra4 46. Re4 Ra3+ 47. Kf4 Kf7 48. h4 Kf6 49. Rb4 Ra7 50. g4 Kg7 51. g5 Ra5 52. Ke4 Rc5 53. Rb7+ Kg8 54. Rd7 Rf5 55. Rd5 Rf1 56. Ke5 Kf7 57. Rd7+ Kg8 58. Ke6 Rf2 59. Rd4 Kg7 60. Re4 Ra2 61. Rf4 Ra6+ 62. Kd7 Ra7+ 63. Kc6 Ra6+ 64. Kb5 Rd6 65. Kc5 Rd1 66. Rd4 Re1 67. Kd6 Re2 68. Kd7 Re1 69. Kd8 Re2 70. Rf4 Rd2+ 71. Ke7 Re2+ 72. Kd6 Rd2+ 73. Ke5 Re2+ 74. Kd4 Ra2 75. Ke3 Ra3+ 76. Kf2 Rb3 77. Rf3 Rb4 78. Kg3 Ra4 79. Rf4 Ra3+ 80. Kg4 Ra1 81. Rb4 Rg1+ 82. Kf3 Rf1+ 83. Kg3 Rg1+ 84. Kf2 Ra1 85. Re4 Ra3 86. Re3 Ra4 87. Kg3 Ra1 88. Kf4 Rf1+ 89. Rf3 Rh1 90. Kg4 Rg1+ 91. Kh3 Rh1+ 92. Kg3 Rg1+ 93. Kh2 Ra1 94. Rf4 Ra3 95. Kg2 1/2-1/2

[Event "German-ch Women 2024"]
[Site "Ostfildern"]
[Date "2024.08.23"]
[Round "7.3"]
[White "Just, Anita"]
[Black "Miljkovic, Jovana"]
[Result "0-1"]
[ECO "B80"]
[WhiteElo "1871"]
[BlackElo "2021"]
[Annotator "NA"]
[PlyCount "112"]
[EventDate "2024.08.16"]
[EventType "tourn"]
[EventCountry "GER"]
[SourceTitle "playchess.com"]
[Source "ChessBase"]
[SourceQuality "1"]
[TimeControl "40/5400+30:1800+30"]

1. e4 c5 2. Nf3 d6 3. d4 cxd4 4. Nxd4 Nf6 5. Nc3 a6 6. Be3 e6 7. Qf3 Nbd7 8. h3 h5 9. O-O-O Qc7 10. Kb1 b5 11. a3 Bb7 12. Nb3 Rc8 13. Bd3 Ne5 14. Qe2 Nc4 15. Bd2 Nxd2+ 16. Qxd2 Be7 17. f4 d5 18. exd5 Nxd5 19. Nxd5 Bxd5 20. Rhe1 Rd8 21. Qe3 Kf8 22. Be4 Bh4 23. g3 Bxe4 24. Qxe4 Bxg3 25. Qb4+ Kg8 26. Rxd8+ Qxd8 27. Rg1 h4 28. Qc3 Rh5 29. Nc1 Rd5 30. Nd3 Qd7 31. Ka2 Rd4 32. b3 Rd6 33. Ne5 Qd8 34. Rg2 f6 35. Nd3 Qa8 36. Re2 Qc6 37. Qb4 Qd5 38. Qc3 Rc6 39. Qd2 Qd4 40. Kb1 Rd6 41. Qc1 a5 42. Qf1 Qd5 43. Re3 Qf5 44. Rf3 Qe4 45. Kb2 e5 46. Kb1 Rc6 47. fxe5 Bxe5 48. Rf2 Bd6 49. Rf5 Bxa3 50. Rxb5 Bb4 51. Qg1 Rc7 52. Qh2 Rc8 53. Qg1 Qc6 54. Rxb4 Qxc2+ 55. Ka1 axb4 56. Qh1 Qxd3 0-1

[Event "German-ch Women 2024"]
[Site "Ostfildern"]
[Date "2024.08.23"]
[Round "7.4"]
[White "Novikova, Margarita"]
[Black "Moeller, Hannah"]
[Result "1/2-1/2"]
[ECO "B06"]
[WhiteElo "1991"]
[BlackElo "1845"]
[Annotator "NA RC"]
[PlyCount "80"]
[EventDate "2024.08.16"]
[EventType "tourn"]
[EventCountry "GER"]
[SourceTitle "playchess.com"]
[Source "ChessBase"]
[SourceQuality "1"]
[TimeControl "40/5400+30:1800+30"]

1. e4 g6 2. d4 d6 3. Nc3 Bg7 4. Be3 Nd7 5. Qd2 c6 6. Nf3 b5 7. a3 Bb7 8. Bd3 a6 9. Ne2 c5 10. c3 cxd4 11. cxd4 e5 12. Nc3 Ngf6 13. Bh6 O-O 14. Bxg7 Kxg7 15. O-O exd4 16. Nxd4 d5 17. exd5 Nxd5 18. Be4 N7f6 19. Bf3 Qd7 20. Rad1 Nxc3 21. Qxc3 Bxf3 22. Nxf3 Qc8 23. Qb4 Qb7 24. Rd6 Qe4 25. Qc3 Qf4 26. Rc6 Rfe8 27. g3 Qf5 28. Rd1 Rad8 29. Rxd8 Rxd8 30. Kg2 a5 31. Nh4 Qe4+ 32. Nf3 Qf5 33. b4 axb4 34. Qxb4 Rd3 35. Qf4 Qxf4 36. gxf4 Rxa3 37. Rb6 Rb3 38. Nd4 Rb4 39. Nc6 Rxf4 40. Rxb5 Rg4+ 1/2-1/2

[Event "German-ch Women 2024"]
[Site "Ostfildern"]
[Date "2024.08.23"]
[Round "7.5"]
[White "Mader, Lena"]
[Black "Moutaqi, Sandra"]
[Result "1/2-1/2"]
[ECO "D77"]
[WhiteElo "1876"]
[BlackElo "1961"]
[Annotator "NA RC"]
[PlyCount "89"]
[EventDate "2024.08.16"]
[EventType "tourn"]
[EventCountry "GER"]
[SourceTitle "playchess.com"]
[Source "ChessBase"]
[SourceQuality "1"]
[TimeControl "40/5400+30:1800+30"]

1. c4 Nf6 2. Nf3 e6 3. g3 d5 4. Bg2 g6 5. O-O Bg7 6. d4 O-O 7. Qd3 Nbd7 8. cxd5 exd5 9. Nc3 Re8 10. Bg5 c6 11. Qd2 Qb6 12. Rfd1 Ne4 13. Nxe4 dxe4 14. Ne1 Nf6 15. Bxf6 Bxf6 16. e3 Bf5 17. Rdc1 Rad8 18. b4 Be7 19. Rab1 a6 20. Nc2 Rd5 21. Bf1 Bg4 22. Na1 Bf3 23. a3 h5 24. Nb3 h4 25. Nc5 Kg7 26. Bg2 Bxg2 27. Kxg2 Bd6 28. Qc2 Bxc5 29. bxc5 Qc7 30. Qb2 Re7 31. Rf1 Qc8 32. Qe2 Rh5 33. Rb2 Re8 34. Rfb1 hxg3 35. fxg3 Qh3+ 36. Kg1 Reh8 37. Qf2 Rf5 38. Qg2 Qg4 39. Rf2 Rxf2 40. Qxf2 Qd7 41. Qf4 f5 42. Qe5+ Kh7 43. Kg2 Qf7 44. Rb2 Rg8 45. h3 1/2-1/2

[Event "German-ch Women 2024"]
[Site "Ostfildern"]
[Date "2024.08.23"]
[Round "7.6"]
[White "Bursan, Ana-Maria"]
[Black "Walker, Julia"]
[Result "0-1"]
[ECO "B26"]
[WhiteElo "1719"]
[BlackElo "1836"]
[Annotator "NA RC"]
[PlyCount "94"]
[EventDate "2024.08.16"]
[EventType "tourn"]
[EventCountry "GER"]
[SourceTitle "playchess.com"]
[Source "ChessBase"]
[SourceQuality "1"]
[TimeControl "40/5400+30:1800+30"]

1. e4 c5 2. Nc3 Nc6 3. g3 g6 4. Bg2 Bg7 5. Nge2 e6 6. d3 Nge7 7. Be3 Nd4 8. Qd2 O-O 9. O-O d6 10. Nd1 Bd7 11. c3 Nxe2+ 12. Qxe2 Rc8 13. f4 b5 14. h4 a5 15. h5 b4 16. g4 f5 17. Bh3 Bc6 18. e5 dxe5 19. fxe5 Qd5 20. Bg2 Qxg2+ 21. Qxg2 Bxg2 22. Kxg2 Bxe5 23. Bh6 Bg7 24. Bg5 Nd5 25. c4 Nf6 26. h6 Bh8 27. gxf5 exf5 28. Ne3 Rcd8 29. Nd5 Nxd5 30. Bxd8 Ne3+ 31. Kf2 Nxf1 32. Be7 Re8 33. Bxc5 Nh2 34. d4 Ng4+ 35. Kf3 Re3+ 36. Kg2 Rd3 37. d5 Be5 38. Re1 Rd2+ 39. Kf3 Rd3+ 40. Kg2 Kf7 41. Re2 f4 42. Re1 f3+ 43. Kf1 Rd2 44. d6 Nh2+ 45. Kg1 f2+ 46. Bxf2 Nf3+ 47. Kf1 Nxe1 0-1

[Event "German-ch Women 2024"]
[Site "Ostfildern"]
[Date "2024.08.23"]
[Round "7.7"]
[White "Koeberl, Christiane"]
[Black "Wagenschuetz, Evelyn"]
[Result "0-1"]
[ECO "A46"]
[WhiteElo "1745"]
[BlackElo "2070"]
[Annotator "NA RC"]
[PlyCount "64"]
[EventDate "2024.08.16"]
[EventType "tourn"]
[EventCountry "GER"]
[SourceTitle "playchess.com"]
[Source "ChessBase"]
[SourceQuality "1"]
[TimeControl "40/5400+30:1800+30"]

1. d4 Nf6 2. Nf3 e6 3. Bg5 h6 4. Bh4 d6 5. e3 g5 6. Bg3 Nh5 7. c4 Bg7 8. Nc3 Nc6 9. Nd2 Nxg3 10. hxg3 Bd7 11. a3 Qe7 12. Qc2 a6 13. Be2 O-O 14. f4 f5 15. Nb3 a5 16. d5 a4 17. Nd2 Nd8 18. e4 c6 19. O-O-O cxd5 20. exf5 d4 21. f6 Rxf6 22. Nce4 Rf5 23. Bd3 gxf4 24. Nf3 b5 25. Kb1 bxc4 26. Nxd6 cxd3 27. Qxd3 Qxd6 28. g4 Bb5 29. Qd2 Rd5 30. g5 hxg5 31. Qf2 Be8 32. Qc2 d3 0-1

[Event "German-ch Women 2024"]
[Site "Ostfildern"]
[Date "2024.08.23"]
[Round "7.8"]
[White "Albayrak, Aylin"]
[Black "Wilmink, Anna"]
[Result "1/2-1/2"]
[ECO "A57"]
[WhiteElo "1741"]
[BlackElo "1905"]
[Annotator "NA RC"]
[PlyCount "94"]
[EventDate "2024.08.16"]
[EventType "tourn"]
[EventCountry "GER"]
[SourceTitle "playchess.com"]
[Source "ChessBase"]
[SourceQuality "1"]
[TimeControl "40/5400+30:1800+30"]

1. d4 Nf6 2. c4 c5 3. d5 b5 4. cxb5 a6 5. e3 axb5 6. Bxb5 Qa5+ 7. Nc3 Ne4 8. Nge2 g6 9. O-O Nd6 10. a4 Ba6 11. Bxa6 Nxa6 12. Bd2 Nc4 13. b3 Nxd2 14. Qxd2 d6 15. Qd3 Rb8 16. Rab1 Bg7 17. Rfc1 O-O 18. Qe4 Rb7 19. Nb5 Rfb8 20. h4 Bf6 21. h5 Nc7 22. Nec3 Kf8 23. Nxc7 Rb4 24. Ne6+ fxe6 25. Qxe6 Rxb3 26. Rxb3 Rxb3 27. Ne4 Qd8 28. Nxf6 exf6 29. hxg6 hxg6 30. Ra1 Rb6 31. Qe4 Kg7 32. Qg4 Rb4 33. f4 Qe8 34. Qe6 Qxe6 35. dxe6 f5 36. a5 Rb7 37. a6 Ra7 38. Kf2 Kf6 39. Kf3 Kxe6 40. e4 fxe4+ 41. Kxe4 d5+ 42. Kd3 Kf5 43. Ke3 Kg4 44. Ra5 Kg3 45. Ra2 Re7+ 46. Kd3 Ra7 47. Ke3 Re7+ 1/2-1/2

[Event "German-ch Women 2024"]
[Site "Ostfildern"]
[Date "2024.08.23"]
[Round "7.9"]
[White "Noll, Sonja"]
[Black "Wartenberg, Alissa"]
[Result "0-1"]
[ECO "C52"]
[WhiteElo "1810"]
[BlackElo "1858"]
[Annotator "NA RC"]
[PlyCount "68"]
[EventDate "2024.08.16"]
[EventType "tourn"]
[EventCountry "GER"]
[SourceTitle "playchess.com"]
[Source "ChessBase"]
[SourceQuality "1"]
[TimeControl "40/5400+30:1800+30"]

1. e4 e5 2. Nf3 Nc6 3. Bc4 Bc5 4. b4 Bxb4 5. c3 Ba5 6. d4 d6 7. Qb3 Qd7 8. Ng5 Nh6 9. d5 Ne7 10. Bb5 c6 11. dxc6 bxc6 12. Bc4 O-O 13. h3 d5 14. Bd3 f6 15. exd5 cxd5 16. Nxh7 Rf7 17. O-O Nhf5 18. Ba3 e4 19. Bxe7 Nxe7 20. Bb5 Qd8 21. Re1 Bf5 22. Nxf6+ Rxf6 23. Nd2 Rb8 24. Nxe4 Bxe4 25. Rxe4 Rxb5 26. Qxb5 dxe4 27. Qc4+ Qd5 28. Qa4 Nc6 29. Rd1 Qc5 30. Rd2 e3 31. Re2 exf2+ 32. Kf1 Qxc3 33. Re8+ Kf7 34. Qd1 Qe1+ 0-1

[Event "German-ch Women 2024"]
[Site "Ostfildern"]
[Date "2024.08.23"]
[Round "7.10"]
[White "Foltin, Alica"]
[Black "Sokyrko, Sofiia"]
[Result "1-0"]
[ECO "C41"]
[WhiteElo "1722"]
[BlackElo "1585"]
[Annotator "NA RC"]
[PlyCount "87"]
[EventDate "2024.08.16"]
[EventType "tourn"]
[EventCountry "GER"]
[SourceTitle "playchess.com"]
[Source "ChessBase"]
[SourceQuality "1"]
[TimeControl "40/5400+30:1800+30"]

1. e4 e5 2. Nf3 d6 3. d4 Nd7 4. Bc4 Be7 5. Be3 h6 6. Nc3 Ngf6 7. O-O O-O 8. dxe5 dxe5 9. Qe2 c6 10. a4 a5 11. Rfd1 Qc7 12. h3 Re8 13. Kh2 Nf8 14. Nd2 Ne6 15. Nf1 Nf4 16. Bxf4 exf4 17. f3 Nh5 18. Qf2 Bf6 19. Rd3 Ng3 20. Ne2 Be6 21. Bxe6 Rxe6 22. Nfxg3 fxg3+ 23. Qxg3 Be5 24. f4 Rg6 25. Qf3 Bf6 26. e5 Be7 27. Rad1 Rd8 28. g3 Re6 29. Nd4 Rg6 30. f5 Rg5 31. h4 c5 32. Nb5 Rxd3 33. Rxd3 Qxe5 34. hxg5 Bxg5 35. Qxb7 Qxf5 36. Rf3 Qxc2+ 37. Kh3 Qc4 38. Qc8+ Kh7 39. Qf5+ Kg8 40. Nd6 Qc1 41. Qxf7+ Kh7 42. Qf5+ Kg8 43. Qd5+ Kh7 44. Rf8 1-0

[Event "German-ch Women 2024"]
[Site "Ostfildern"]
[Date "2024.08.24"]
[Round "8.1"]
[White "Staerk, Elisa"]
[Black "Kostak, Tetyana"]
[Result "0-1"]
[ECO "E30"]
[WhiteElo "2002"]
[BlackElo "2094"]
[Annotator "NA RC"]
[PlyCount "108"]
[EventDate "2024.08.16"]
[EventType "tourn"]
[EventCountry "GER"]
[SourceTitle "playchess.com"]
[Source "ChessBase"]
[SourceQuality "1"]
[TimeControl "40/5400+30:1800+30"]

1. d4 Nf6 2. Nf3 e6 3. c4 Nc6 4. Nc3 Bb4 5. Bg5 h6 6. Bxf6 Qxf6 7. e3 Bxc3+ 8. bxc3 d6 9. Bd3 O-O 10. O-O e5 11. Nd2 Qe7 12. Qb3 Na5 13. Qa3 b6 14. Nb3 Nb7 15. Rad1 c5 16. Nd2 f5 17. e4 f4 18. f3 Be6 19. Nb3 Qf7 20. d5 Bd7 21. Qa6 Bc8 22. Qb5 Nd8 23. Nd2 Bd7 24. Qa6 g5 25. Rb1 Bc8 26. Qa3 Rb8 27. Bc2 Rb7 28. Ba4 Qh5 29. Kh1 Rg7 30. Bd1 Qf7 31. Qb2 h5 32. Kg1 Qe7 33. Kf2 g4 34. Ke2 Qh4 35. Kd3 Qxh2 36. Nb3 Qg3 37. Qf2 Qxf2 38. Rxf2 g3 39. Rf1 h4 40. Be2 h3 41. Rg1 hxg2 42. Rxg2 Rh7 43. Rgg1 Bd7 44. Nd2 Rf6 45. Bf1 Nf7 46. Bg2 Rfh6 47. a4 Kf8 48. a5 bxa5 49. Rb7 Ke8 50. Rxa7 a4 51. Rb1 Nd8 52. Ke2 Rh2 53. Rg1 Rxg2+ 54. Rxg2 Rh2 0-1

[Event "German-ch Women 2024"]
[Site "Ostfildern"]
[Date "2024.08.24"]
[Round "8.2"]
[White "Braun, Kristin"]
[Black "Just, Anita"]
[Result "0-1"]
[ECO "C10"]
[WhiteElo "2001"]
[BlackElo "1871"]
[Annotator "NA RC"]
[PlyCount "68"]
[EventDate "2024.08.16"]
[EventType "tourn"]
[EventCountry "GER"]
[SourceTitle "playchess.com"]
[Source "ChessBase"]
[SourceQuality "1"]
[TimeControl "40/5400+30:1800+30"]

1. e4 e6 2. d4 d5 3. Nc3 dxe4 4. Nxe4 Bd7 5. Nf3 Bc6 6. Bd3 Nd7 7. Bf4 Ngf6 8. Ned2 Be7 9. c3 Nd5 10. Bg3 Bf6 11. Qc2 Qe7 12. Ne4 O-O-O 13. Nxf6 N5xf6 14. Qe2 Rhe8 15. O-O Nh5 16. Ne5 Nxg3 17. fxg3 Nxe5 18. Qxe5 f6 19. Qa5 Kb8 20. Bxh7 f5 21. Bg6 Rh8 22. Qe5 Rd5 23. Qe2 Qf6 24. Bh5 Qh6 25. Bf3 Qxh2+ 26. Kf2 f4 27. gxf4 Qxf4 28. Ke1 Rf5 29. a4 Bxf3 30. gxf3 Rh2 31. Qd3 Qg3+ 32. Kd1 Qg2 33. Rb1 Rxf3 34. Qxf3 Qd2# 0-1

[Event "German-ch Women 2024"]
[Site "Ostfildern"]
[Date "2024.08.24"]
[Round "8.3"]
[White "Wagenschuetz, Evelyn"]
[Black "Miljkovic, Jovana"]
[Result "0-1"]
[ECO "B51"]
[WhiteElo "2070"]
[BlackElo "2021"]
[Annotator "NA"]
[PlyCount "122"]
[EventDate "2024.08.16"]
[EventType "tourn"]
[EventCountry "GER"]
[SourceTitle "playchess.com"]
[Source "ChessBase"]
[SourceQuality "1"]
[TimeControl "40/5400+30:1800+30"]

1. e4 c5 2. Nf3 d6 3. Bb5+ Nd7 4. a4 Ngf6 5. Nc3 g6 6. a5 Bg7 7. O-O O-O 8. Re1 Ne8 9. d4 cxd4 10. Nxd4 Nc7 11. Bf1 Ne5 12. Be3 Ng4 13. Bg5 Be5 14. g3 h6 15. Bc1 Bg7 16. h3 Ne5 17. Be3 Ne6 18. Kh1 Bd7 19. f4 Nc6 20. Nde2 Nxa5 21. f5 gxf5 22. Qd5 Nc6 23. exf5 Ne5 24. Bg2 Bc6 25. Qb3 Nc5 26. Qb4 Bxg2+ 27. Kxg2 Qc8 28. Nd4 Nc6 29. Nxc6 Qxc6+ 30. Kh2 Nd7 31. Qh4 Ne5 32. Rf1 Nf3+ 33. Rxf3 Qxf3 34. Bxh6 Qxf5 35. Ra4 f6 36. Re4 Rf7 37. Be3 d5 38. g4 Qh7 39. Qxh7+ Kxh7 40. Nxd5 e5 41. Ra4 Rc8 42. c4 a6 43. b3 Bf8 44. Ra1 Bc5 45. Bd2 Bd4 46. Rf1 Kg7 47. Bb4 b5 48. Ne7 Rc7 49. Nf5+ Kg6 50. Nd6 Rfd7 51. cxb5 axb5 52. Ne4 Rc6 53. h4 Be3 54. h5+ Kg7 55. Ng3 Bf4 56. Rf3 Rc2+ 57. Kh3 Bxg3 58. Kxg3 e4 59. Rf5 Rd3+ 60. Kf4 Re2 61. h6+ Kg6 0-1

[Event "German-ch Women 2024"]
[Site "Ostfildern"]
[Date "2024.08.24"]
[Round "8.4"]
[White "Bluebaum, Johanna"]
[Black "Walker, Julia"]
[Result "1-0"]
[ECO "D32"]
[WhiteElo "1994"]
[BlackElo "1836"]
[Annotator "NA"]
[PlyCount "77"]
[EventDate "2024.08.16"]
[EventType "tourn"]
[EventCountry "GER"]
[SourceTitle "playchess.com"]
[Source "ChessBase"]
[SourceQuality "1"]
[TimeControl "40/5400+30:1800+30"]

1. d4 d5 2. c4 e6 3. Nc3 c5 4. cxd5 cxd4 5. Qxd4 Nc6 6. Qa4 exd5 7. e3 Nf6 8. Nf3 Bd6 9. Bd3 O-O 10. O-O a6 11. Qh4 Ne5 12. Nxe5 Bxe5 13. Rd1 Be6 14. f4 Bxc3 15. bxc3 Ne4 16. Qh5 Qf6 17. Bb2 Rac8 18. Rab1 Qf5 19. Qf3 Qg4 20. c4 Qxf3 21. gxf3 dxc4 22. Bxe4 c3 23. Ba3 c2 24. Bxc2 Rxc2 25. Bxf8 Kxf8 26. Rxb7 g6 27. a3 Ra2 28. Rdb1 Kg7 29. e4 Rxa3 30. Kf2 a5 31. R1b6 Kf6 32. e5+ Kg7 33. Rxe6 Ra2+ 34. Kg3 h5 35. Rf6 h4+ 36. Kxh4 Rxh2+ 37. Kg3 Rc2 38. Rfxf7+ Kg8 39. Rfc7 1-0

[Event "German-ch Women 2024"]
[Site "Ostfildern"]
[Date "2024.08.24"]
[Round "8.5"]
[White "Novikova, Margarita"]
[Black "Mader, Lena"]
[Result "1/2-1/2"]
[ECO "C68"]
[WhiteElo "1991"]
[BlackElo "1876"]
[Annotator "NA RC"]
[PlyCount "28"]
[EventDate "2024.08.16"]
[EventType "tourn"]
[EventCountry "GER"]
[SourceTitle "playchess.com"]
[Source "ChessBase"]
[SourceQuality "1"]
[TimeControl "40/5400+30:1800+30"]

1. e4 e5 2. Nf3 Nc6 3. Bb5 a6 4. Bxc6 dxc6 5. O-O Bg4 6. h3 h5 7. c3 Qd3 8. hxg4 hxg4 9. Nxe5 Bd6 10. Nxd3 Bh2+ 11. Kh1 Bd6+ 12. Kg1 Bh2+ 13. Kh1 Bd6+ 14. Kg1 Bh2+ 1/2-1/2

[Event "German-ch Women 2024"]
[Site "Ostfildern"]
[Date "2024.08.24"]
[Round "8.6"]
[White "Moutaqi, Sandra"]
[Black "Wilmink, Anna"]
[Result "0-1"]
[ECO "E13"]
[WhiteElo "1961"]
[BlackElo "1905"]
[Annotator "NA RC"]
[PlyCount "108"]
[EventDate "2024.08.16"]
[EventType "tourn"]
[EventCountry "GER"]
[SourceTitle "playchess.com"]
[Source "ChessBase"]
[SourceQuality "1"]
[TimeControl "40/5400+30:1800+30"]

1. d4 Nf6 2. c4 e6 3. Nc3 b6 4. Nf3 Bb7 5. Bg5 Bb4 6. e3 h6 7. Bh4 O-O 8. Bd3 d5 9. O-O Be7 10. Rc1 Nbd7 11. cxd5 exd5 12. Bb1 c5 13. Qc2 Ne4 14. Bg3 Ndf6 15. Be5 Re8 16. Rfd1 c4 17. Nb5 Rf8 18. Ne1 g6 19. f3 Nd6 20. Nxd6 Bxd6 21. g4 Qe7 22. Bxd6 Qxd6 23. Ng2 Kh8 24. Qf2 Rae8 25. Qh4 Kg7 26. Rf1 Bc8 27. h3 Rh8 28. Qf2 h5 29. g5 Nh7 30. h4 Rhf8 31. Nf4 Bb7 32. Rfe1 Re7 33. Qh2 Qd7 34. Qc2 Qd6 35. Nxh5+ Kh8 36. Nf4 f5 37. gxf6 Rxf6 38. Nxg6+ Rxg6+ 39. Qxg6 Rg7 40. h5 Rxg6+ 41. hxg6 Qg3+ 42. Kf1 Qxf3+ 43. Kg1 Ng5 44. Rf1 Qg3+ 45. Kh1 Nf3 46. g7+ Kg8 47. Bh7+ Kxh7 48. g8=Q+ Kxg8 49. Rg1 Nxg1 50. Rxg1 Qxg1+ 51. Kxg1 Kf7 52. Kf2 Kf6 53. Kg3 Kf5 54. Kf3 b5 0-1

[Event "German-ch Women 2024"]
[Site "Ostfildern"]
[Date "2024.08.24"]
[Round "8.7"]
[White "Foltin, Alica"]
[Black "Moeller, Hannah"]
[Result "0-1"]
[ECO "E87"]
[WhiteElo "1722"]
[BlackElo "1845"]
[Annotator "NA RC"]
[PlyCount "94"]
[EventDate "2024.08.16"]
[EventType "tourn"]
[EventCountry "GER"]
[SourceTitle "playchess.com"]
[Source "ChessBase"]
[SourceQuality "1"]
[TimeControl "40/5400+30:1800+30"]

1. d4 Nf6 2. c4 g6 3. Nc3 Bg7 4. e4 d6 5. h3 O-O 6. Be3 e5 7. d5 a5 8. g4 h5 9. f3 Na6 10. Nge2 Nc5 11. Qd2 Nh7 12. Nc1 Qh4+ 13. Bf2 Qg5 14. Qxg5 Nxg5 15. Be2 hxg4 16. hxg4 f5 17. gxf5 gxf5 18. Rh5 Nh7 19. Bxc5 dxc5 20. Nd3 b6 21. O-O-O Bd7 22. Rg1 Rae8 23. f4 exf4 24. e5 Re7 25. e6 Be8 26. Rh4 Kh8 27. Nxf4 Bf6 28. Rh6 Bd4 29. Ng6+ Bxg6 30. Rgxg6 Be3+ 31. Kc2 Bxh6 32. Rxh6 Kg8 33. Nb5 Nf6 34. Na7 Rh7 35. Rxh7 Kxh7 36. Kd3 Kg6 37. Ke3 Kg5 38. Nc6 Ng8 39. Na7 Ne7 40. Nb5 Rc8 41. Na7 Rd8 42. Nb5 c6 43. dxc6 Nxc6 44. Bf3 Ne7 45. Nc3 Kf6 46. Bd5 Ke5 47. a4 Rh8 0-1

[Event "German-ch Women 2024"]
[Site "Ostfildern"]
[Date "2024.08.24"]
[Round "8.8"]
[White "Wartenberg, Alissa"]
[Black "Koeberl, Christiane"]
[Result "1-0"]
[ECO "B07"]
[WhiteElo "1858"]
[BlackElo "1745"]
[Annotator "NA RC"]
[PlyCount "109"]
[EventDate "2024.08.16"]
[EventType "tourn"]
[EventCountry "GER"]
[SourceTitle "playchess.com"]
[Source "ChessBase"]
[SourceQuality "1"]
[TimeControl "40/5400+30:1800+30"]

1. e4 d6 2. d4 Nf6 3. Nc3 Nbd7 4. Nf3 c6 5. Bf4 Nh5 6. Be3 g6 7. Bc4 e6 8. O-O Bg7 9. Qd2 h6 10. Rfe1 e5 11. Rad1 g5 12. Bxg5 hxg5 13. Nxg5 O-O 14. Bxf7+ Rxf7 15. Nxf7 Kxf7 16. dxe5 Bxe5 17. Ne2 Qh4 18. g3 Qf6 19. c3 Nc5 20. f4 Nxe4 21. Qe3 Bxc3 22. Nxc3 Nxc3 23. Qe8+ Kg7 24. bxc3 Kh6 25. Qe7 d5 26. Qxf6+ Nxf6 27. Re7 Bg4 28. Rde1 Rb8 29. R1e5 a6 30. Rg5 Bh5 31. Re6 Rf8 32. g4 Bg6 33. h4 Kh7 34. Re7+ Rf7 35. Rxf7+ Bxf7 36. Rf5 Kg7 37. h5 Ne4 38. h6+ Kxh6 39. Rxf7 Nxc3 40. Kf1 Nxa2 41. Rxb7 a5 42. Ra7 Nb4 43. Ke2 Kg6 44. Rxa5 Kf6 45. Ra4 c5 46. Ra5 c4 47. Rb5 Nd3 48. Ke3 Ke6 49. Rb6+ Kf7 50. Rd6 Nb4 51. Kd4 Ke7 52. Rb6 Nd3 53. f5 Nf2 54. g5 Ne4 55. g6 1-0

[Event "German-ch Women 2024"]
[Site "Ostfildern"]
[Date "2024.08.24"]
[Round "8.9"]
[White "Bursan, Ana-Maria"]
[Black "Sokyrko, Sofiia"]
[Result "1-0"]
[ECO "C25"]
[WhiteElo "1719"]
[BlackElo "1585"]
[Annotator "NA RC"]
[PlyCount "49"]
[EventDate "2024.08.16"]
[EventType "tourn"]
[EventCountry "GER"]
[SourceTitle "playchess.com"]
[Source "ChessBase"]
[SourceQuality "1"]
[TimeControl "40/5400+30:1800+30"]

1. e4 e5 2. Nc3 Nc6 3. f4 exf4 4. Nf3 Bc5 5. d4 Nxd4 6. Bxf4 Nc6 7. Bc4 h6 8. Bxf7+ Kf8 9. Bb3 Nf6 10. Rf1 Qe7 11. Qe2 d6 12. O-O-O Bg4 13. Nd5 Nxd5 14. Bxd5 Nd4 15. Qd3 Ne6 16. Bg3 c6 17. Ne5+ Ke8 18. Nxg4 Qg5+ 19. Kb1 Qxg4 20. Bb3 Rd8 21. h3 Qg5 22. Bxe6 Qe7 23. Bf5 a5 24. Bg6+ Kd7 25. Rf7 1-0

[Event "German-ch Women 2024"]
[Site "Ostfildern"]
[Date "2024.08.24"]
[Round "8.10"]
[White "Albayrak, Aylin"]
[Black "Noll, Sonja"]
[Result "1-0"]
[ECO "A41"]
[WhiteElo "1741"]
[BlackElo "1810"]
[Annotator "NA RC"]
[PlyCount "57"]
[EventDate "2024.08.16"]
[EventType "tourn"]
[EventCountry "GER"]
[SourceTitle "playchess.com"]
[Source "ChessBase"]
[SourceQuality "1"]
[TimeControl "40/5400+30:1800+30"]

1. d4 d6 2. c4 e5 3. d5 f5 4. Nc3 a5 5. Nf3 Nf6 6. g3 Nbd7 7. Bh3 e4 8. Nd4 Ne5 9. b3 g6 10. O-O Bg7 11. Rb1 Bd7 12. f3 exf3 13. Nxf3 Nfg4 14. Nd4 c5 15. Ne6 Bxe6 16. dxe6 Nxc4 17. bxc4 Bxc3 18. Qa4+ Kf8 19. Bxg4 Qe7 20. Qd7 Rb8 21. e4 Qxd7 22. exd7 Bd4+ 23. Kg2 h5 24. Bg5 Kg7 25. Bf3 Bf6 26. Bxf6+ Kxf6 27. exf5 Ke7 28. fxg6 Kxd7 29. Bd5 1-0

[Event "German-ch Women 2024"]
[Site "Ostfildern"]
[Date "2024.08.25"]
[Round "9.1"]
[White "Wilmink, Anna"]
[Black "Kostak, Tetyana"]
[Result "1/2-1/2"]
[ECO "C41"]
[WhiteElo "1905"]
[BlackElo "2094"]
[Annotator "RC"]
[PlyCount "60"]
[EventDate "2024.08.16"]
[EventType "tourn"]
[EventCountry "GER"]
[SourceTitle "playchess.com"]
[Source "ChessBase"]
[SourceQuality "1"]
[TimeControl "40/5400+30:1800+30"]

1. e4 d6 2. d4 Nf6 3. Nc3 e5 4. Nf3 Nbd7 5. Bc4 Be7 6. O-O O-O 7. Qe2 c6 8. a4 a5 9. Ba2 h6 10. h3 Nh7 11. Be3 Ng5 12. Rad1 Nxf3+ 13. Qxf3 Bg5 14. Qg3 Bxe3 15. fxe3 Qe7 16. Rf3 Kh7 17. Rdf1 f6 18. h4 Nb6 19. h5 Be6 20. Qg6+ Kh8 21. Bxe6 Qxe6 22. b3 Nd7 23. Ne2 d5 24. Ng3 Qf7 25. Qf5 Rae8 26. exd5 cxd5 27. R3f2 Qe6 28. Qg6 Qf7 29. Qf5 Qe6 30. Qg6 Qf7 1/2-1/2